Map: Ruins of Seras

Players

ShadowRaven

  • Race: Terran Terran
  • League: Platinum

A.I. 1 (Very Easy) - Winner!

  • Race: Zerg Zerg

VOD

https://youtu.be/vNbE8E_ek30

Description

Demonstrates the build order that Reality used against Dark.

Time

  • Played on: March 2, 2016, 10:04 p.m.
  • Length: 6:40
Show
View Real Time Build Order
Export as new Build Order

ShadowRaven Terran 

Build Orders: Reaper Expand 

Get SALT Encoding   

  12  0:00  SCV  
  13  0:12  SCV  
  14  0:17  Supply Depot  
  14  0:25  SCV  
  15  0:39  SCV  
  15  0:40  Barracks  
  16  0:45  Refinery  
  16  0:51  SCV  
  17  1:03  SCV  
  18  1:15  SCV  
  19  1:27  Orbital Command  
  19  1:28  Reaper  
  20  1:44  Command Center  
  20  1:53  SCV  
  21  1:54  Supply Depot  
  21  2:00  Marine  
  22  2:05  SCV  
  23  2:10  Factory  
  23  2:17  SCV  
  23  2:18  Marine  
  23  2:21  Refinery  
  25  2:29  SCV  
  26  2:36  Marine  
  27  2:41  SCV  
  28  2:53  SCV  
  28  2:54  Marine, Factory Tech Lab, Starport  
  28  2:58  Orbital Command  
  30  3:05  SCV  
  30  3:12  Marine  
  32  3:14  Siege Tank  
  32  3:18  SCV  
  32  3:19  Supply Depot  
  36  3:24  SCV  
  37  3:29  Marine  
  37  3:30  SCV  
  37  3:31  Medivac  
  41  3:37  SCV  
  42  3:42  SCV  
  42  3:44  Supply Depot  
  42  3:47  Marine  
  44  3:53  Siege Tank  
  47  3:56  SCV x2  
  49  4:05  Marine  
  49  4:07  Command Center  
  49  4:09  SCV  
  51  4:10  SCV  
  51  4:14  Medivac  
  54  4:20  Supply Depot  
  54  4:23  SCV x2  
  56  4:35  SCV x2  
  58  4:41  Barracks x2  
  58  4:44  Factory Reactor, Starport Reactor  
  58  4:48  Refinery, SCV x2  
  58  4:49  Refinery  
  58  4:52  Marine  
  61  5:00  SCV x2  
  61  5:04  Engineering Bay  
  61  5:05  Engineering Bay  
  63  5:12  Marine, SCV x2  
  66  5:19  Barracks  
  66  5:20  Barracks  
  66  5:22  Orbital Command  
  66  5:26  SCV x2  
  68  5:38  SCV x2  
  68  5:40  Factory Reactor, Starport Reactor  
  70  5:43  Marine  
  70  5:44  Marine x2  
  70  5:45  Marine  
  70  5:48  SCV  
  75  5:50  SCV  
  75  5:53  SCV  
  75  5:54  Marine  
  78  6:00  SCV  
  78  6:01  Marine x2  
  78  6:03  Supply Depot, SCV  
  82  6:07  SCV  
  82  6:08  Barracks Reactor x2  
  83  6:13  SCV  
  83  6:17  SCV  
  85  6:18  Supply Depot  
  93  6:29  Armory  
Show
View Real Time Build Order
Export as new Build Order

A.I. 1 (Very Easy) Zerg - Winner!

Build Orders: Hatch First 

Get SALT Encoding   

  12  0:01  Drone  
  13  0:12  Overlord  
  13  0:17  Drone  
  14  0:44  Hatchery  
  14  0:47  Drone  
  14  1:05  Spawning Pool  
  14  1:08  Drone  
  14  1:10  Extractor  
  13  1:15  Drone  
  14  1:23  Overlord  
  14  1:52  Zergling x2  
  14  1:53  Queen  
  17  1:54  Zergling x2  
  18  2:03  Roach Warren  
  18  2:05  Extractor  
  16  2:09  Drone  
  17  2:16  Drone  
  17  2:19  Zergling x2  
  19  2:23  Drone  
  20  2:31  Drone  
  21  2:38  Drone  
  22  2:45  Drone  
  23  2:52  Drone  
  24  2:59  Drone  
  25  3:06  Roach, Drone  
  25  3:12  Overlord  
  28  3:17  Drone  
  29  3:24  Drone  
  30  3:31  Drone  
  31  3:38  Drone  
  32  3:45  Drone  
  33  3:48  Overlord  
  33  3:52  Drone  
  33  3:53  Roach  
  36  3:57  Lair  
  36  4:00  Drone  
  37  4:08  Drone  
  38  4:15  Drone  
  39  4:22  Drone  
  40  4:29  Drone  
  40  4:31  Overlord  
  41  4:37  Drone  
  42  4:40  Roach  
  42  4:44  Drone  
  45  4:51  Drone  
  46  4:56  Overseer  
  46  4:57  Overseer  
  46  4:58  Drone  
  46  4:59  Extractor  
  46  5:05  Drone  
  46  5:07  Extractor  
  46  5:12  Drone  
  47  5:20  Drone  
  48  5:27  Roach, Drone  
  51  5:34  Drone  
  52  5:41  Drone  
Tags
 
Add a new tag
Caveats
  • Supply blocks, unpowered buildings, or Contaminate may cause inaccurate times.
  • Supply counts are checked every 10 seconds.